 Dungeon Crawl Stone Soup version 0.16.1-14-g82efdee (webtiles) character file.

60 KarvaRausku the Conjurer (level 4, -4/24 HPs)
             Began as a Tengu Conjurer on Apr 13, 2015.
             Killed by nerve-wracking pain
             ... invoked by Grinder
              (13 damage)
             ... while paralysed by Grinder
             ... on level 3 of the Dungeon.
             The game lasted 00:07:39 (1671 turns).

KarvaRausku the Conjurer (Tengu Conjurer)           Turns: 1671, Time: 00:07:39

Health: -4/24      AC:  2    Str:  8    XL:     4   Next: 6%
Magic:  7/9        EV:  2    Int: 17    God:
Gold:   89         SH:  0    Dex: 14    Spells: 2 memorised, 5 levels left

rFire  . . .     SeeInvis .     d - +0 short sword
rCold  . . .     Clarity  .     a - +0 robe
rNeg   . . .     SustAb   .     (no shield)
rPois  .         Gourm    .     (helmet restricted)
rElec  .         Spirit   .     (no cloak)
rCorr  .         Warding  .     (no gloves)
rMut   .         Stasis   .     (boots unavailable)
MR     .....                    (no amulet)
Stlth  ++........               (no ring)
                                (no ring)

@: paralysed, not resistant to hostile enchantments, unstealthy
A: beak, talons 3
a: no special abilities


You were on level 3 of the Dungeon.
You were not hungry.

You visited 1 branch of the dungeon, and saw 3 of its levels.

You collected 89 gold pieces.

Inventory:

Hand weapons
 d - a +0 short sword (weapon)
Armour
 a - a +0 robe (worn)
Magical devices
 p - a wand of polymorph (7)
Scrolls
 f - a scroll of blinking {unknown}
 g - 3 scrolls of enchant weapon {unknown}
 h - 3 scrolls of remove curse {unknown}
 m - 2 scrolls of identify {unknown}
 q - a scroll of amnesia {unknown}
 s - 2 scrolls of teleportation {unknown}
 t - a scroll of magic mapping {unknown}
 u - a scroll of enchant armour {unknown}
Potions
 e - a potion of beneficial mutation {unknown}
 i - a potion of brilliance {unknown}
 j - a potion of lignification {unknown}
 k - 3 potions of heal wounds {unknown}
 l - a potion of invisibility {unknown}
 n - a potion of resistance {unknown}
Books
 c - a book of Conjurations

   Spells                             Type                      Level
   a - Magic Dart                     Conjuration                  1
   b - Searing Ray                    Conjuration                  2
   c - Dazzling Spray                 Conjuration/Hexes            3
   d - Fulminant Prism                Conjuration/Hexes            4
   e - Iskenderun's Mystic Blast      Conjuration                  4
   f - Iskenderun's Battlesphere      Conjuration/Charms           5
Comestibles
 b - a bread ration
 o - 2 meat rations
 r - a beef jerky


   Skills:
 + Level 2.2 Dodging
 - Level 2.0 Stealth
 + Level 2.6 Spellcasting
 * Level 6.7 Conjurations


You had 5 spell levels left.
You knew the following spells:

 Your Spells              Type           Power        Failure   Level  Hunger
a - Magic Dart            Conj           ####         1%          1    #......
b - Searing Ray           Conj           ####..       1%          2    ##.....


Dungeon Overview and Level Annotations

Branches:
Dungeon (3/15)

Altars:

Annotations:
D:3 Grinder, Robin


Innate Abilities, Weirdness & Mutations

You have a beak for a mouth.
You have claws for feet.


Message History

You resist with significant effort.
Grinder gestures.
Grinder blinks!
You see here a jackal corpse.
You butcher the jackal corpse.
Things that are here:
a chunk of flesh; a jackal skeleton
Casting: Searing Ray
Confirm with . or Enter, or press ? or * to list all spells.
Aiming: Searing Ray
Press: ? - help, Shift-Dir - straight line, f - Grinder
Aim: Grinder The searing ray misses Grinder.
Grinder gestures at you.
You suddenly lose the ability to move!
Grinder hits you!
You writhe in agony.
Grinder gestures at you. Pain shoots through your body!
Ouch! That really hurt!
You die...

####................# #.#
#.#####
#<##.#..............# #.#
#......
#.##.#..#.#####.....# #.#
#######
#.##.##.#....###.######.####
#....##.#.##.###......#....#
#######......5.#..###.####.#
#..###.#.#..# #.# #.#
#...)..#.#..# #.# #.#
##)#####.5@.# #.####.# #..#
###.## #......# ##.## #.#
######## #g.# #.# ##g# ...
#.# ... #g# .... #'# #....
... ...


You could see Grinder.

Vanquished Creatures
  A worm (D:2)
  A giant gecko (D:1)
  An orc (D:3)
  A ball python (D:1)
  8 bats
  10 goblins
  6 hobgoblins
  7 jackals
  4 kobolds
  A quokka (D:2)
  3 giant cockroaches
  3 giant newts
  2 rats
48 creatures vanquished.

Notes
Turn   | Place    | Note
--------------------------------------------------------------
     0 | D:1      | KarvaRausku, the Tengu Conjurer, began the quest for the Orb.
     0 | D:1      | Reached XP level 1. HP: 10/10 MP: 3/3
   101 | D:1      | Reached XP level 2. HP: 7/15 MP: 0/5
   276 | D:1      | Reached skill level 6 in Conjurations
   641 | D:1      | Reached XP level 3. HP: 15/19 MP: 5/7
   690 | D:1      | Learned a level 2 spell: Searing Ray
  1584 | D:3      | Noticed Grinder
  1584 | D:3      | Noticed Robin
  1600 | D:3      | Reached XP level 4. HP: 16/24 MP: 6/9
  1669 | D:3      | Paralysed by Grinder for 7 turns
  1671 | D:3      | Killed from afar by Grinder

Action                   |  1- 3 |  4- 6 || total
-------------------------+-------+-------++-------
Melee: Unarmed           |     6 |       ||     6
       Short sword       |    34 |       ||    34
 Cast: Magic Dart        |    53 |       ||    53
       Searing Ray       |     4 |     1 ||     5
 Stab: Sleeping          |     1 |       ||     1
  Eat: Chunk             |     3 |       ||     3
